 Dungeon Crawl Stone Soup version 0.30.0-10-gfe55d96785 (webtiles) character file.

Game seed: 14593105794867440809

12273 cheesebisquit the Arsonist (level 11, -2/95 HPs)
             Began as a Red Draconian Fire Elementalist on May 13, 2023.
             Was a Priest of Vehumet.
             Slain by a boulder beetle (29 damage)
             ... on level 10 of the Dungeon.
             The game lasted 00:49:27 (15124 turns).

cheesebisquit the Arsonist (DrFE)                  Turns: 15124, Time: 00:49:28

Health: -2/95      AC: 10    Str: 10    XL:     11   Next: 60%
Magic:  0/22       EV: 20    Int: 20    God:    Vehumet [***...]
Gold:   195        SH:  5    Dex: 12    Spells: 1/25 levels left

rFire   + . .        x - +3 scythe (venom)
rCold   . . .        (shield currently unavailable)
rNeg    . . .        (body armour unavailable)
rPois   .            (helmet restricted)
rElec   .            q - +1 cloak
rCorr   .            (no gloves)
SInv    .            p - +0 pair of boots
Will    .....        E - amulet of reflection
Stlth   +++          a - +5 ring of evasion
HPRegen 0.35/turn    (no ring)
MPRegen 0.18/turn

%: reflection
@: mighty, hasted, very quick
A: breathe fire, AC +7, unfitting armour, fire resistance 1, cold-blooded
a: Breathe Fire, Renounce Religion


You were on level 10 of the Dungeon.
You worshipped Vehumet.
Vehumet was most pleased with you.
You visited 2 branches of the dungeon, and saw 12 of its levels.

You collected 510 gold pieces.
You spent 315 gold pieces at shops.

Inventory:

Hand Weapons
 b - a +0 short sword
 r - a +0 broad axe
 x - a +3 scythe of venom (weapon)
 y - a +1 whip of freezing
 A - a +0 morningstar
 C - a +2 dagger of freezing
Missiles
 f - 41 poisoned darts
 g - 7 boomerangs
 l - 3 boomerangs of dispersal
 G - 6 atropa-tipped darts
Armour
 p - a +0 pair of boots (worn)
 q - a +1 cloak (worn)
Jewellery
 a - a +5 ring of evasion (left hand)
 E - an amulet of reflection (around neck)
 I - a ring of positive energy
Wands
 h - a wand of charming (17)
 w - a wand of roots (9)
Scrolls
 c - 7 scrolls of teleportation
 e - 5 scrolls of vulnerability
 j - a scroll of summoning
 m - 3 scrolls of poison
 t - a scroll of fear
 v - a scroll of immolation {unknown}
 B - a scroll of fog {unknown}
 J - a scroll of magic mapping {unknown}
 L - a scroll of noise {unknown}
Potions
 i - a potion of lignification
 k - 2 potions of flight
 s - a potion of heal wounds {unknown}
 u - 2 potions of might
 F - 3 potions of attraction
 K - 2 potions of mutation


   Skills:
 + Level 8.7 Fighting
 + Level 3.8 Polearms
 + Level 7.7 Dodging
 - Level 6.0 Stealth
 + Level 7.7 Spellcasting
 - Level 1.0 Conjurations
 * Level 12.7 Fire Magic


You had one spell level left.
You knew the following spells:

 Your Spells              Type           Power      Damage    Failure   Level
a - Foxfire               Conj/Fire      100%       2x1d9     1%          1
b - Flame Wave            Conj/Fire      35%        2d10      1%          4
c - Inner Flame           Hex/Fire       33%        N/A       1%          3
d - Volatile Blastmotes   Fire/Tloc      66%        2d15      1%          3
e - Fireball              Conj/Fire      17%        3d9       4%          5
f - Starburst             Conj/Fire      17%        6d6       21%         6
z - Scorch                Fire           100%       2d9       1%          2

Your spell library contained the following spells:

 Spells                   Type           Power      Damage    Failure   Level
 Mephitic Cloud           Conj/Pois/Air  9%         N/A       6%          3
 Shock                    Conj/Air       36%        1d5       1%          1
 Beastly Appendage        Tmut           14%        N/A       9%          1
 Momentum Strike          Conj/Tloc      18%        3d8       3%          2
 Stone Arrow              Conj/Erth      18%        3d8       6%          3
 Blink                    Tloc           14%        N/A       13%         2
 Ensorcelled Hibernation  Hex/Ice        14%        N/A       13%         2
 Lesser Beckoning         Tloc           14%        N/A       13%         2
 Wereblood                Tmut           7%         N/A       13%         2
 Airstrike                Air            3%         2d(1-17)  22%         4
 Plasma Beam              Fire/Air       16%        2x1d30    24%         6
 Spider Form              Tmut/Pois      7%         N/A       26%         3
 Swiftness                Air            7%         N/A       26%         3
 Anguish                  Hex/Necr       3%         N/A       65%         4
 Lehudib's Crystal Spear  Conj/Erth      4%         10d3      100%        8
 Animate Armour           Summ/Erth      Unusable   N/A       N/A         4

Dungeon Overview and Level Annotations

Branches:
Dungeon (11/15)            Temple (1/1) D:4             Orc (0/2) D:10
   Lair: D:8-11

Altars:
Ashenzari
Cheibriados
Dithmenos
Elyvilon
Fedhas
Gozag
Hepliaklqana
Kikubaaqudgha
Makhleb
Nemelex Xobeh
Okawaru
Qazlal
Ru
Sif Muna
Trog
Uskayaw
Vehumet
Wu Jian
Xom
Yredelemnul
Zin
The Shining One

Shops:
D:4 [   D:6 !(

Annotations:
D:7 1 runed translucent door, hawla's ghost, novice MeFE


Innate Abilities, Weirdness & Mutations

You can breathe blasts of fire.
Your fiery red scales are hard. (AC +7)
You cannot fit into any form of body armour.
Your flesh is heat resistant. (rF+)
You are cold-blooded and may be slowed by cold attacks.


Message History

The boulder beetle is moderately wounded.
The foxfire hits the boulder beetle but does no damage.
The boulder beetle is moderately wounded.
Casting: Foxfire (safe; 1% risk of failure)
Press: ? - help, Q - select action, (/) - cycle Dir - look around, f - activate You conjure some foxfire!
The foxfire hits the boulder beetle.
The boulder beetle is heavily wounded.
The foxfire hits the boulder beetle but does no damage.
The boulder beetle is heavily wounded.
Casting: Foxfire (safe; 1% risk of failure)
Press: ? - help, Q - select action, (/) - cycle Dir - look around, f - activate You conjure some foxfire!
The foxfire hits the boulder beetle but does no damage.
The boulder beetle is heavily wounded.
The foxfire hits the boulder beetle but does no damage.
The boulder beetle is heavily wounded.
Casting: Foxfire (safe; 1% risk of failure)
Press: ? - help, Q - select action, (/) - cycle Dir - look around, f - activate
Okay, then.
Casting: Foxfire (safe; 1% risk of failure)
Confirm with . or Enter, or press ? or * to list all spells.
Flames lash the boulder beetle.
The boulder beetle is heavily wounded.
The boulder beetle's fire resistance burns away.
The foxfire hits the boulder beetle but does no damage.
The boulder beetle is heavily wounded.
The foxfire hits the boulder beetle but does no damage.
The boulder beetle is heavily wounded.
The foxfire hits the boulder beetle but does no damage.
The boulder beetle is heavily wounded.
You are too injured to fight recklessly!
Reach: x) +3 scythe (venom)
Press: ? - help, Dir - move target, f - boulder beetle
Aim: a boulder beetle (wisps of flame, heavily wounded, rolling, poisoned, more vulnerable to fire, about 10% to evade your +3 scythe of venom)
You reach to attack!
You hit the boulder beetle but do no damage.
The boulder beetle is heavily wounded.
The boulder beetle hits you!!
You die...

###..)..[..#
##..#.####..# #
##.....).###..##.# ####
# ##.)........###.# #.#
# #.........####.## #.#
##
##.###......##...###.#
.#
#...###...##.....##.##
##
###.###...###.......##
##.##..####§..°°...##
##....# #§@B○......#
#....###§§§##...#.#
####.##...###..##.# ###
#.##...##...####
#.###.....###..## #####
#..##.....#..##.#
#...###............####
##....#..###.####..##
........## #.##
##..####


You could see a boulder beetle (rolling, poisoned, combustible).

Vanquished Creatures
  A centaur warrior (D:10)
  A two-headed ogre (D:11)
  Pikel (D:5)
  A manticore (D:11)
  An unseen horror (D:10)
  2 trolls
  A polar bear (D:11)
  Sigmund (D:6)
  3 wyverns
  19 yaks
  Eustachio (D:6)
  A wraith (D:10)
  2 steam dragons (D:9)
  A water moccasin (D:6)
  2 orc warriors
  2 black bears
  7 ice beasts
  5 ogres
  5 centaurs
  2 lemures (D:6)
  2 phantoms (D:5)
  5 kobold brigands
  A bullfrog (D:7)
  3 gnoll sergeants (D:10)
  3 scorpions
  10 wights
  9 killer bees
  6 electric eels (D:7)
  9 howler monkeys
  2 hounds
  2 gnoll boudas
  7 orc priests
  7 orc wizards
  3 sleepcaps
  Natasha (twice) (D:4)
  4 iguanas
  A mummy (D:9)
  10 gnolls
  10 adders
  A shadow imp (D:7)
  4 white imps
  An ufetubus (D:11)
  4 worms
  3 dart slugs
  48 orcs
  8 bats
  7 endoplasms
  4 giant cockroaches
  11 goblins
  11 hobgoblins
  5 jackals
  14 kobolds
  6 quokkas
  6 ball pythons
  2 frilled lizards
  2 goblin skeletons (D:7)
  A goblin zombie (D:7)
  3 hobgoblin zombies (D:7)
  3 kobold zombies (D:7)
  6 rats
305 creatures vanquished.

Vanquished Creatures (collateral kills)
  A foxfire (D:7)
1 creature vanquished.

Vanquished Creatures (others)
  942 foxfires
942 creatures vanquished.

Grand Total: 1248 creatures vanquished

Notes
Turn   | Place    | Note
-------+----------+-------------------------------------------
     0 | D:1      | cheesebisquit the Draconian Fire Elementalist began the
                  | quest for the Orb.
     0 | D:1      | Reached XP level 1. HP: 14/14 MP: 3/3
   256 | D:1      | Reached XP level 2. HP: 22/22 MP: 1/5
   593 | D:1      | Reached skill level 1 in Fighting
  1083 | D:2      | Reached XP level 3. HP: 22/28 MP: 1/6
  1713 | D:2      | Reached XP level 4. HP: 36/36 MP: 3/7
  2459 | D:3      | Found a burning altar of Makhleb.
  2657 | D:3      | Reached XP level 5. HP: 42/42 MP: 4/9
  3379 | D:4      | Noticed Natasha
  3399 | D:4      | Killed Natasha
  3610 | D:4      | Reached XP level 6. HP: 50/51 MP: 3/11
  3881 | D:4      | Noticed Natasha
  3888 | D:4      | Killed Natasha
  3955 | D:4      | HP: 2/51 [black bear (5)]
  4735 | D:4      | Your scales start taking on a fiery red colour.
  4735 | D:4      | Reached XP level 7. HP: 58/58 MP: 5/12
  4735 | D:4      | Gained mutation: Your flesh is heat resistant. (rF+) [Red
                  | Draconian growth]
  4738 | D:4      | Learned a level 2 spell: Scorch
  4742 | D:4      | Learned a level 3 spell: Inner Flame
  4746 | D:4      | Learned a level 3 spell: Volatile Blastmotes
  4802 | D:4      | Found a staircase to the Ecumenical Temple.
  4807 | Temple   | Entered the Ecumenical Temple
  4921 | D:4      | Found Oridolym's Armour Boutique.
  4927 | D:4      | Bought a +0 pair of boots for 49 gold pieces
  4927 | D:4      | Bought a +1 cloak for 126 gold pieces
  4992 | D:5      | Entered Level 5 of the Dungeon
  5361 | D:5      | Reached skill level 4 in Fire Magic
  5975 | D:5      | Found an ornate altar of the Wu Jian Council.
  6174 | D:6      | Noticed Eustachio
  6179 | D:6      | Reached skill level 5 in Fire Magic
  6367 | D:6      | Found a shadowy altar of Dithmenos.
  6480 | D:6      | Noticed Sigmund
  6496 | D:6      | Killed Sigmund
  6497 | D:6      | Reached XP level 8. HP: 67/67 MP: 7/14
  6641 | D:6      | Noticed Pikel
  6765 | D:5      | Killed Pikel
  6766 | D:5      | Reached skill level 5 in Fighting
  6766 | D:5      | Reached skill level 5 in Stealth
  6766 | D:5      | Reached skill level 6 in Fire Magic
  6932 | D:6      | Learned a level 4 spell: Flame Wave
  7064 | D:6      | Found Kogrod's Distillery.
  7070 | D:6      | Bought a potion of brilliance for 40 gold pieces
  7070 | D:6      | Bought a potion of curing for 30 gold pieces
  7070 | D:6      | Bought a potion of brilliance for 40 gold pieces
  7070 | D:6      | Bought a potion of curing for 30 gold pieces
  7237 | D:6      | Reached skill level 5 in Dodging
  7237 | D:6      | Reached skill level 5 in Spellcasting
  7237 | D:6      | Reached skill level 7 in Fire Magic
  7347 | D:6      | Found Kuphighi's Weapon Emporium.
  7414 | D:6      | Killed Eustachio
  7415 | D:6      | Reached XP level 9. HP: 39/74 MP: 2/16
  7887 | D:7      | Reached skill level 8 in Fire Magic
  8225 | D:7      | Reached skill level 9 in Fire Magic
  8593 | D:7      | Found a glowing golden altar of the Shining One.
  8979 | D:7      | Found a runed translucent door.
  8979 | D:7      | Noticed a +0 short sword of chaos
  8980 | D:7      | Found a shimmering altar of Xom.
  8980 | D:7      | Noticed hawla's ghost (novice MeFE)
  8991 | D:7      | Reached XP level 10. HP: 84/84 MP: 6/19
  9079 | D:7      | Found a radiant altar of Vehumet.
  9128 | D:7      | Became a worshipper of Vehumet
  9412 | D:7      | Found a bloodstained altar of Trog.
  9726 | D:7      | Reached skill level 10 in Fire Magic
 11484 | D:8      | Reached * piety under Vehumet
 11484 | D:8      | Offered knowledge of Kiss of Death by Vehumet.
 11605 | D:8      | Learned a level 5 spell: Fireball
 11726 | D:9      | Found a snail-covered altar of Cheibriados.
 11867 | D:9      | Reached skill level 1 in Polearms
 11879 | D:9      | Reached skill level 11 in Fire Magic
 12327 | D:9      | Offered knowledge of Static Discharge by Vehumet.
 12345 | D:9      | Reached ** piety under Vehumet
 12766 | D:9      | Reached XP level 11. HP: 94/94 MP: 15/21
 13068 | D:10     | Entered Level 10 of the Dungeon
 13068 | D:10     | Noticed a centaur warrior
 13074 | D:10     | Killed a centaur warrior
 13366 | D:10     | Found a staircase to the Orcish Mines.
 13388 | D:10     | Offered knowledge of Mephitic Cloud by Vehumet.
 13389 | D:10     | Reached skill level 12 in Fire Magic
 13420 | D:10     | Learned a level 6 spell: Starburst
 13426 | D:10     | Reached *** piety under Vehumet
 13681 | D:10     | Found a glowing silver altar of Zin.
 14624 | D:11     | Noticed a two-headed ogre
 14630 | D:11     | Killed a two-headed ogre
 15068 | D:11     | Noticed a boulder beetle
 15124 | D:10     | Slain by a boulder beetle

Illustrated notes

Levels and vault maps discovered:
D:1:      scummos_arrival_star, layout_loops_cross, minmay_door_square,
          serial_bayou_lagoon_b
D:2:      layout_basic
D:3:      layout_basic, mainiacjoe_overflow_boulevard
D:4:      corexii_shack_village, layout_basic, minmay_temple_entry_nine_rooms,
          serial_shops, shop, uniq_natasha
D:5:      layout_basic, pdpol_wu_jian_five_deadly_venoms
D:6:      layout_basic, mainiacjoe_overflow_cross_hatched, serial_shops,
          nicolae_shop_back_alley_shop, nicolae_shop_rolling_square, uniq_pikel,
          uniq_eustachio, uniq_sigmund
D:7:      cheibrodos_two_vegetables, layout_loops_ring,
          nicolae_tso_besieged_by_evil, nicolae_overflow_crystal_walls,
          mainiacjoe_overflow_brackets, ebering_ghost_xom
D:8:      nicolae_hitomezashi [nicolae_hito_row, nicolae_hito_row,
          nicolae_hito_row, nicolae_hito_row, nicolae_hito_row,
          nicolae_hito_row, nicolae_hito_row, nicolae_hito_row,
          nicolae_hito_row, nicolae_hito_row, nicolae_hito_row,
          nicolae_hito_row, nicolae_hito_row, nicolae_hito_row,
          nicolae_hito_row, nicolae_hito_row, nicolae_hito_row,
          nicolae_hito_row], layout_basic
D:9:      cheibrodos_steamvent, layout_loops_cross, slow_altar_1
D:10:     layout_layer_cave, mainiacjoe_overflow_catwalk,
          kennysheep_orc_monster_closet_entryway, enter_bailey_3
D:11:     layout_rooms, hellmonk_lair_entry_icy, serial_ice, serial_ice_h,
          serial_ice_c, serial_ice_o, serial_ice_g
Temple:   nicolae_temple_ecumenical_triangle

Skill      XL: |  1  2  3  4  5  6  7  8  9 10 11 |
---------------+----------------------------------+-----
Stealth        | 2 3 4 5 6 |  6.0
Dodging        | 2 3 4 5 6 7 |  7.7
Fighting       | 1 2 3 4 5 6 8 |  8.7
Spellcasting   | 3 4 5 6 7 |  7.7
Fire Magic     | 5 7 9 11 12 | 12.7
Polearms       | 2 3 |  3.8
Conjurations   | |  1.0

Action                     |  1- 3 |  4- 6 |  7- 9 | 10-12 || total
---------------------------+-------+-------+-------+-------++-------
  Melee: Short sword       |    33 |   120 |       |       ||   153
         Unarmed           |     2 |     2 |       |       ||     4
         Tailslap          |     7 |    18 |     7 |    12 ||    44
         Punch             |       |     3 |       |       ||     3
         Broad axe         |       |       |    42 |       ||    42
         Halberd           |       |       |    76 |    59 ||   135
   Cast: Foxfire           |    69 |   131 |   147 |   194 ||   541
         Scorch            |       |       |    63 |    84 ||   147
         Inner Flame       |       |       |    14 |    38 ||    52
    Use: Potion            |       |     5 |     3 |     9 ||    17
         Scroll            |       |       |     9 |     7 ||    16
   Stab: Sleeping          |       |     1 |       |       ||     1
         Distracted        |       |       |       |     1 ||     1
 Armour: Skin              |    14 |    59 |    74 |    29 ||   176
  Dodge: Dodged            |    30 |   151 |   284 |   175 ||   640
  Block: Other             |       |       |       |    42 ||    42
         Reflection        |       |       |       |     1 ||     1
